 Dungeon Crawl Stone Soup version 0.28.0-53-g5a82cb258f (webtiles) character file.

Game seed: 6319410312053818749

14926 issech the Protected (level 11, 0/85 HPs)
             Began as a Minotaur Monk on June 13, 2022.
             Was an Elder of Hepliaklqana.
             Slain by a seven-headed hydra (7 damage)
             ... on level 11 of the Dungeon.
             The game lasted 01:03:24 (16905 turns).

issech the Protected (Minotaur Monk)               Turns: 16905, Time: 01:03:25

Health: 0/85       AC: 17    Str: 16    XL:     11   Next: 95%
Magic:  10/10      EV:  6    Int:  7    God:    Hepliaklqana [****..]
Gold:   535        SH: 12    Dex: 17    Spells: 10/10 levels left

rFire   . . .      SeeInvis .   r - +0 morningstar
rCold   . . .      Faith    .   x - +0 kite shield
rNeg    . . .      Spirit   .   a - +0 plate armour
rPois   .          Reflect  .   (helmet restricted)
rElec   .          Harm     .   (no cloak)
rCorr   .          Rampage  .   (no gloves)
Will    .....                   V - +0 pair of boots
Stlth   ..........              f - amulet of magic regeneration
HPRegen 0.24/turn               (no ring)
MPRegen 0.52/turn               (no ring)

@: no status effects
A: reduced essence, horns 2, retaliatory headbutt
a: Renounce Religion, Recall Ancestor, Ancestor Identity, Transference, Idealise


You were on level 11 of the Dungeon.
You worshipped Hepliaklqana.
Hepliaklqana was greatly pleased with you.
You visited 2 branches of the dungeon, and saw 13 of its levels.

You collected 535 gold pieces.

Inventory:

Hand Weapons
 b - a +0 hunting sling
 r - a +0 morningstar (weapon)
 v - a +0 war axe
 E - a +1 scimitar of flaming
 J - a +0 longbow
 L - a +4 vorpal spear
 S - a +0 hand crossbow
 Z - a +2 dagger of protection
Missiles
 c - 254 stones
 h - 134 arrows
 j - a boomerang
 s - 48 sling bullets
 u - 89 bolts
 z - 5 throwing nets
 D - 4 silver boomerangs
 G - 12 poisoned darts
 H - 7 curare-tipped darts
 Q - 6 javelins
Armour
 a - a +0 plate armour (worn)
 x - a +0 kite shield (worn)
 C - the +0 leather armour of Compression {rC++ rCorr Dex-3 SInv}
   (You found it on level 11 of the Dungeon)

   Dex:       It affects your dexterity (-3).
   rC:        It greatly protects you from cold.
   SInv:      It lets you see invisible.
   rCorr:     It protects you from acid and corrosion.
 K - +0 swamp dragon scales
 V - a +0 pair of boots (worn)
 W - a +1 ring mail of willpower
 X - +0 acid dragon scales
Magical Staves
 R - a staff of earth
Jewellery
 f - an amulet of magic regeneration (around neck)
 U - an amulet of faith
Wands
 o - a wand of polymorph (15)
 w - a wand of iceblast (14)
 y - a wand of acid (4) (quivered)
 N - a wand of flame (16)
Scrolls
 e - a scroll of identify
 n - 4 scrolls of enchant weapon
 p - 3 scrolls of teleportation
 q - a scroll of enchant armour
 M - 2 scrolls of holy word
 O - a scroll of magic mapping
Potions
 d - 4 potions of heal wounds
 g - a potion of cancellation {unknown}
 i - 4 potions of curing
 l - 3 potions of brilliance {unknown}
 m - a potion of lignification {unknown}
 t - a potion of haste {unknown}
 A - 3 potions of flight {unknown}
 B - 3 potions of might {unknown}
 P - a potion of degeneration {unknown}


   Skills:
 + Level 8.6 Fighting
 + Level 5.0(9.6) Axes
 + Level 12.0(12.4) Maces & Flails
 + Level 3.8(5.0) Polearms
 + Level 2.1 Crossbows
 + Level 3.0 Throwing
 + Level 12.9 Armour
 + Level 4.8 Dodging
 + Level 3.3 Stealth
 + Level 9.3 Shields


You had 10 spell levels left.
You didn't know any spells.
Your spell library contained the following spells:

 Spells                   Type           Power      Damage    Failure   Level
 Sandblast                Erth           0%         2d4       100%        1
 Passwall                 Tmut/Erth      0%         N/A       100%        2
 Stone Arrow              Conj/Erth      0%         3d7       100%        3
 Hailstorm                Conj/Ice       0%         3d3       100%        4
 Ice Form                 Ice/Tmut       0%         N/A       100%        4
 Simulacrum               Ice/Necr       0%         N/A       100%        6


Dungeon Overview and Level Annotations

Branches:
Dungeon (12/15)            Temple (1/1) D:5            Lair (0/6) D:9
    Orc (0/2) D:11

Altars:
Ashenzari
Cheibriados
Dithmenos
Elyvilon
Fedhas
Gozag
Hepliaklqana
Kikubaaqudgha
Makhleb
Nemelex Xobeh
Okawaru
Qazlal
Ru
Sif Muna
Trog
Uskayaw
Vehumet
Wu Jian
Xom
Yredelemnul
Zin
The Shining One
Beogh

Shops:
D:2 [   D:8 !   D:10 [

Annotations:
D:12 3 runed translucent doors, firemarshallily's ghost, journeyman MfSu; markstv's ghost, journeyman HuIE


Innate Abilities, Weirdness & Mutations

Your life essence is reduced to manifest your ancestor. (-10% HP)
You have a pair of horns on your head.
You reflexively headbutt those who attack you in melee.


Message History

Throw: 4 boomerangs (silver)
Press: ? - help, Q - select action, (/) - cycle Shift-Dir - straight line, f - seven-headed hydra
Aim: a seven-headed hydra (81% to hit)
You throw a silver boomerang.
The silver boomerang hits the seven-headed hydra.
The seven-headed hydra is lightly wounded.
Throw: 4 boomerangs (silver)
Press: ? - help, Q - select action, (/) - cycle Shift-Dir - straight line, f/p - seven-headed hydra
Aim: a seven-headed hydra (lightly wounded, 81% to hit)
You throw a silver boomerang.
The silver boomerang hits the seven-headed hydra.
The seven-headed hydra is lightly wounded.
Aiming: Corrosive Bolt
Press: ? - help, Q - select action, (/) - cycle Shift-Dir - straight line, f/p - seven-headed hydra
Aim: a seven-headed hydra (lightly wounded, 90% to hit)
The bolt of acid hits the seven-headed hydra!
The seven-headed hydra is moderately wounded.
Aiming: Corrosive Bolt
Press: ? - help, Q - select action, (/) - cycle Shift-Dir - straight line, f/p - seven-headed hydra
Aim: a seven-headed hydra (moderately wounded, 90% to hit)
The bolt of acid hits the seven-headed hydra!
The acid corrodes the seven-headed hydra!
The seven-headed hydra is heavily wounded.
Aiming: Corrosive Bolt
Press: ? - help, Q - select action, (/) - cycle Shift-Dir - straight line, f/p - seven-headed hydra
Aim: a seven-headed hydra (heavily wounded, covered in acid, 90% to hit)
The bolt of acid hits the seven-headed hydra!
The seven-headed hydra seems to be corroded for longer.
The seven-headed hydra is severely wounded.
You hit the seven-headed hydra.
The seven-headed hydra is severely wounded.
The seven-headed hydra bites you!
* * * LOW HITPOINT WARNING * * *
The seven-headed hydra bites you!
* * * LOW HITPOINT WARNING * * *
You block the seven-headed hydra's attack. x2
The seven-headed hydra bites you.
* * * LOW HITPOINT WARNING * * *
The seven-headed hydra bites you!
You die...

...............#
#####†.........#
....#........>.############
....#.....................#
....#...............#######
....#..#####........#
#####..#...#........#
.......#...#........#
.......#...#....@...#
####...#...'....D...#
#...'...#........#
#...#####........#
#................#
#................###
####.....########.....#
...>.....# #.....#
.........# #.....#


You could see a seven-headed hydra (corroded).

Vanquished Creatures
  A hydra (D:11)
  A two-headed ogre (D:8)
  An ugly thing (D:11)
  An elephant (D:9)
  An efreet (D:9)
  A troll (D:9)
  A wraith (D:9)
  6 yaks
  A vampire mosquito (D:11)
  2 ice beasts
  3 orc warriors
  A black bear (D:7)
  A necrophage (D:5)
  3 centaurs
  An ogre (D:6)
  2 phantoms
  A bullfrog (D:7)
  3 gnoll sergeants
  A water moccasin zombie (D:5)
  Dowan (D:6)
  3 killer bees (D:10)
  A centaur zombie (D:5)
  7 orc priests
  3 hounds
  A gnoll shaman (D:9)
  A centaur skeleton (D:7)
  Jessica (D:2)
  A bullfrog skeleton (D:4)
  2 iguanas (D:5)
  8 orc wizards
  9 gnolls
  5 adders
  2 white imps (D:5)
  3 ufetubi (D:5)
  An adder skeleton (D:4)
  A dart slug (D:2)
  38 orcs
  7 ball pythons
  9 bats
  3 endoplasms
  4 giant cockroaches
  8 goblins
  4 hobgoblins
  12 jackals
  5 quokkas
  2 frilled lizards (D:2)
  10 kobolds
  22 rats
206 creatures vanquished.

Vanquished Creatures (collateral kills)
  Harold (D:7)
  4 two-headed ogres
  2 manticores
  An ice statue (D:9)
  Maggie (D:7)
  2 gargoyles (D:11)
  A komodo dragon (D:10)
  Grinder (D:6)
  A shadow (D:12)
  A wyvern (D:9)
  A basilisk (D:9)
  4 yaks
  2 vampire mosquitoes
  An acid dragon (D:11)
  Duvessa (D:6)
  A black bear (D:9)
  2 ice beasts (D:6)
  6 orc warriors
  An ogre (D:6)
  A sky beast (D:7)
  A kobold brigand (D:10)
  A bullfrog (D:6)
  7 killer bees
  3 wights (D:10)
  An electric eel (D:7)
  4 howler monkeys
  A centaur zombie (D:6)
  A bullfrog zombie (D:6)
  2 hounds
  A bullfrog skeleton (D:6)
  An iguana (D:6)
  7 gnolls
  A shadow imp (D:7)
  A white imp (D:7)
  11 orcs
  5 kobolds (D:10)
83 creatures vanquished.

Vanquished Creatures (others)
  5 battlemagi
  A fungus (D:9)
  2 plants (D:9)
  6 withered plants (D:12)
14 creatures vanquished.

Grand Total: 303 creatures vanquished

Notes
Turn   | Place    | Note
-------+----------+-------------------------------------------
     0 | D:1      | issech the Minotaur Monk began the quest for the Orb.
     0 | D:1      | Reached XP level 1. HP: 19/19 MP: 0/0
   212 | D:1      | Reached XP level 2. HP: 27/27 MP: 1/1
   625 | D:1      | Reached XP level 3. HP: 26/33 MP: 2/2
   707 | D:1      | Found a faded altar of an unknown god.
   820 | D:2      | Found Idazoyl's Armour Emporium.
  1133 | D:2      | Reached skill level 1 in Armour
  1316 | D:2      | Noticed Jessica
  1322 | D:2      | Killed Jessica
  1323 | D:2      | Reached XP level 4. HP: 32/40 MP: 3/3
  1442 | D:2      | You fall into a shaft and drop 1 floor!
  2044 | D:3      | Reached skill level 5 in Axes
  2678 | D:4      | Reached XP level 5. HP: 46/46 MP: 4/4
  3071 | D:3      | HP: 1/47 [orc/+0 flail (4)]
  3497 | D:4      | Noticed an ice beast
  3506 | D:4      | Killed an ice beast
  3507 | D:4      | Reached XP level 6. HP: 40/53 MP: 5/5
  4160 | D:5      | Entered Level 5 of the Dungeon
  4179 | D:5      | Reached skill level 5 in Fighting
  4197 | D:5      | Reached XP level 7. HP: 43/61 MP: 6/6
  4656 | D:5      | Reached skill level 5 in Maces & Flails
  5215 | D:5      | Reached skill level 5 in Armour
  5260 | D:5      | Reached skill level 1 in Shields
  5373 | D:5      | Found a staircase to the Ecumenical Temple.
  5676 | Temple   | Entered the Ecumenical Temple
  5724 | Temple   | Became a worshipper of Hepliaklqana the Forgotten
  5724 | Temple   | Reached * piety under Hepliaklqana
  5724 | Temple   | Reached ** piety under Hepliaklqana
  5725 | Temple   | Remembered your ancestor Ishtar-belessa as a battlemage
  5882 | D:6      | Reached XP level 8. HP: 57/63 MP: 7/7
  6185 | D:6      | Noticed Grinder
  6194 | D:6      | Paralysed by Grinder for 4 turns
  6212 | D:6      | Killed Grinder
  7025 | D:6      | Noticed Dowan
  7026 | D:6      | Noticed Duvessa
  7033 | D:6      | Killed Duvessa
  7034 | D:6      | Reached XP level 9. HP: 66/69 MP: 8/8
  7035 | D:6      | Killed Dowan
  7363 | D:7      | Noticed Maggie
  7372 | D:7      | Killed Maggie
  7373 | D:7      | Reached skill level 1 in Throwing
  7695 | D:7      | Reached *** piety under Hepliaklqana
  7851 | D:7      | Noticed Harold
  7862 | D:7      | Killed Harold
  7863 | D:7      | Reached skill level 5 in Shields
  8293 | D:7      | Reached skill level 10 in Maces & Flails
  8767 | D:8      | Found Qyuvobba's Distillery.
  8798 | D:8      | Reached XP level 10. HP: 58/77 MP: 9/9
  9139 | D:8      | Noticed a two-headed ogre
  9147 | D:8      | Killed a two-headed ogre
  9592 | D:8      | Reached skill level 10 in Armour
  9813 | D:8      | Reached **** piety under Hepliaklqana
  9913 | D:8      | Noticed a two-headed ogre
  9920 | D:8      | Killed a two-headed ogre
 10358 | D:9      | Found a staircase to the Lair.
 10613 | D:9      | Noticed an elephant
 10621 | D:9      | Killed an elephant
 11289 | D:9      | Noticed an ice statue
 12557 | D:9      | Killed an ice statue
 12558 | D:9      | Reached XP level 11. HP: 9/84 MP: 10/10
 12920 | D:10     | Entered Level 10 of the Dungeon
 13015 | D:10     | HP: 3/84 [killer bee (5)]
 13018 | D:10     | HP: 1/84 [poisoned by a killer bee]
 13409 | D:10     | Reached skill level 1 in Polearms
 13637 | D:10     | Found Pujei's Armour Shop.
 13659 | D:10     | Found a sparkling altar of Nemelex Xobeh.
 13748 | D:10     | Noticed a two-headed ogre
 13755 | D:10     | Killed a two-headed ogre
 14252 | D:11     | Noticed a red ugly thing
 14398 | D:11     | Killed a red ugly thing
 14399 | D:11     | Reached skill level 1 in Crossbows
 14748 | D:11     | Found an iron altar of Okawaru.
 14849 | D:11     | Noticed a four-headed hydra
 14859 | D:11     | Killed a four-headed hydra
 15087 | D:11     | Found a staircase to the Orcish Mines.
 15668 | D:11     | Identified the +0 leather armour of Compression {rC++ rCorr
                  | Dex-3 SInv}
 15998 | D:12     | Noticed a two-headed ogre
 16064 | D:11     | Killed a two-headed ogre
 16321 | D:12     | Found a runed translucent gate.
 16323 | D:12     | Found a runed translucent gate.
 16324 | D:12     | Found a runed translucent gate.
 16325 | D:12     | Noticed firemarshallily's ghost (journeyman MfSu)
 16325 | D:12     | Noticed markstv's ghost (journeyman HuIE)
 16606 | D:12     | Noticed a two-headed ogre
 16608 | D:12     | Noticed a centaur warrior
 16609 | D:12     | Noticed a seven-headed hydra
 16613 | D:12     | Killed a two-headed ogre
 16905 | D:11     | Slain by a seven-headed hydra

Illustrated notes

Levels and vault maps discovered:
D:1:      mainiacjoe_arrival_reflecting_pool, layout_loops_ring,
          hellmonk_ecumenical_altar_leap_of_faith
D:2:      layout_loops_ring, serial_glass, glass_columns_a, glass_columns_a,
          glass_columns_b, glass_columns_b, serial_shops, shop, minmay_unequal,
          uniq_jessica
D:3:      layout_basic
D:4:      layout_cave_pools, minmay_rat_hole
D:5:      layout_basic, temple_statues
D:6:      layout_loops_corners, uniq_grinder, uniq_duvessa
D:7:      layout_basic, serial_glass, glass_columns_b, glass_columns_c,
          kennysheep_potato, uniq_maggie, uniq_harold
D:8:      layout_rooms, serial_shops, nicolae_shop_crystal, serial_aquarium,
          aquarium_bridge_square [aquarium_subvault_window,
          aquarium_subvault_wall, aquarium_subvault_bridge,
          aquarium_subvault_wall], aquarium_bridge_long_separate
          [aquarium_subvault_bridge, aquarium_subvault_window,
          aquarium_subvault_bridge, aquarium_subvault_window,
          aquarium_subvault_balcony, aquarium_subvault_bridge],
          aquarium_window_corridor_1, aquarium_window_fake,
          aquarium_window_corner, aquarium_window_fake, aquarium_view_2g,
          aquarium_balcony_5b
D:9:      layout_cave_pods, david_lair_generic, minmay_statue_bubble
D:10:     layout_rooms, nemelex_diamond_rough_becter, serial_shops,
          nicolae_shop_crystal, chequers_serial_rivers_small_a
D:11:     layout_irregular_city, david_orc_5, okawaru_ov_weapons_minmay
D:12:     layout_gridville, gammafunk_ghost_cemetery,
          nicolae_trove_entry_isolated
Temple:   kilobyte_greek_temple

Skill      XL: |  1  2  3  4  5  6  7  8  9 10 11 |
---------------+----------------------------------+-----
Axes           | 4 5 |  5.0
Fighting       | 4 5 6 7 8 |  8.6
Armour         | 1 2 3 5 7 9 11 12 | 12.9
Stealth        | 2 3 |  3.3
Maces & Flails | 3 4 6 8 10 11 12 | 12.0
Dodging        | 4 |  4.8
Shields        | 2 3 5 7 9 |  9.3
Throwing       | 2 3 |  3.0
Polearms       | 3 |  3.8
Crossbows      | 2 |  2.1

Action                   |  1- 3 |  4- 6 |  7- 9 | 10-12 || total
-------------------------+-------+-------+-------+-------++-------
Melee: Hand axe          |    77 |    30 |       |       ||   107
       Headbutt          |    15 |    21 |    38 |    62 ||   136
       Morningstar       |       |   119 |   183 |   167 ||   469
       Punch             |       |     2 |       |       ||     2
       Spear             |       |       |       |    73 ||    73
 Fire: Hand crossbow     |       |       |       |     9 ||     9
Throw: Stone             |       |     4 |    12 |       ||    16
       Boomerang         |       |       |     3 |    15 ||    18
Invok: Ancestor Life: Ba |       |       |     1 |       ||     1
Evoke: Wand              |       |       |       |     3 ||     3
  Use: Scroll            |       |       |     6 |     9 ||    15
       Potion            |       |       |       |     1 ||     1
 Stab: Sleeping          |     5 |       |       |       ||     5
       Distracted        |       |       |     1 |     6 ||     7
Armor: Robe              |     2 |       |       |       ||     2
       Leather armour    |    11 |       |       |       ||    11
       Ring mail         |     2 |    50 |       |       ||    52
       Chain mail        |       |    53 |    49 |       ||   102
       Plate armour      |       |       |    57 |   131 ||   188
Dodge: Dodged            |    60 |   132 |    57 |    80 ||   329
Block: Kite shield       |       |       |    87 |   170 ||   257
